Get step-by-step instructions on how to execute this build order below. Start the game timer, and the build order will tick by so you can play in parallel with StarCraft on a second screen or mobile device.

Game Time

  0:00

Last Step

  N/A

Next Step

Upcoming Step



Don't want to look back and forth between 2 screens? Try out our Overwolf App, the Spawning Tool Build Advisor to get an in-game overlay with this build!

Complete Build Order

  12  0:00  SCV  
  13  0:13  SCV  
  14  0:17  Supply Depot  
  14  0:25  SCV  
  14  0:27  Refinery  
  15  0:38  SCV  
  16  0:44  Barracks  
  16  0:50  SCV  
  17  1:02  SCV  
  18  1:15  SCV  
  19  1:31  Orbital Command, Reaper  
  20  1:42  Command Center  
  20  1:51  Factory  
  20  1:57  SCV  
  21  2:04  Supply Depot  
  21  2:06  Reaper  
  22  2:10  SCV  
  23  2:16  Refinery  
  23  2:26  SCV  
  26  2:37  Hellion  
  26  2:38  SCV  
  26  2:41  Reaper  
  28  2:50  SCV  
  29  2:54  Orbital Command, Starport  
  29  3:00  Refinery  
  29  3:02  SCV  
  29  3:03  Cyclone  
  32  3:14  SCV  
  33  3:25  SCV  
  33  3:26  SCV  
  35  3:33  Starport Tech Lab, Barracks Reactor  
  33  3:35  Cyclone  
  33  3:37  SCV  
  33  3:38  SCV  
  37  3:47  Command Center  
  37  3:49  SCV  
  37  3:52  Raven  
  37  3:53  Interference Matrix  
  40  3:55  SCV  
  40  4:02  SCV  
  42  4:07  SCV  
  42  4:08  Factory Tech Lab  
  43  4:10  Marine  
  43  4:11  Supply Depot  
  43  4:14  SCV  
  45  4:19  Marine  
  45  4:24  Supply Depot  
  46  4:32  Siege Tank, SCV x2, Marine  
  46  4:33  Raven  
  46  4:37  Supply Depot  
  54  4:45  SCV x2, Marine  
  57  4:50  Marine  
  58  4:57  SCV x2  
  58  4:58  Barracks  
  58  4:59  Barracks, Refinery  
  60  5:01  Orbital Command  
  60  5:09  Siege Tank, SCV x2  
  60  5:12  Raven  
  67  5:18  Marine  
  67  5:20  Marine  
  69  5:22  SCV x2  
  69  5:25  Orbital Command  
  72  5:29  Engineering Bay x2  
  72  5:34  SCV  
  72  5:36  SCV, Marine  
  72  5:38  Marine  
  72  5:41  Siege Tank, Supply Depot  
  78  5:46  SCV  
  78  5:48  SCV  
  80  5:51  SCV  
  80  5:56  Barracks Reactor  
  80  5:57  Barracks Reactor  
  81  5:58  SCV  
  81  6:00  SCV  
  81  6:03  Terran Infantry Weapons Level 1, Terran Infantry Armor Level 1, SCV  
  84  6:06  Stimpack, Supply Depot  
  84  6:07  Viking, Supply Depot  
  84  6:10  SCV  
  87  6:11  Viking  
  87  6:13  SCV  
  87  6:15  SCV  
  87  6:17  Supply Depot  
  91  6:22  SCV  
  91  6:25  SCV  
  93  6:27  SCV  
  93  6:30  Marauder  
  95  6:33  Marine x3  
  95  6:34  Barracks  
  95  6:35  Barracks, Supply Depot  
  95  6:36  SCV  
  95  6:37  Marine  
  100  6:44  SCV  
  100  6:45  Liberator  
  100  6:46  Liberator  
  107  6:51  Marine x3  
  110  6:54  Supply Depot  
  110  6:55  SCV  
  110  6:56  Marine  
  110  6:58  Supply Depot  
  110  6:59  Siege Tank  
  110  7:00  SCV  
  116  7:02  SCV  
  116  7:05  Refinery  
  116  7:07  Armory  
  116  7:08  Marine  
  117  7:09  Marine, Marauder  
  117  7:10  Marine  
  117  7:11  Refinery  
  117  7:14  Marine  
  117  7:15  SCV  
  124  7:19  Sensor Tower  
  124  7:22  Barracks Reactor x2  
  124  7:25  SCV  
  124  7:26  Marine, SCV  
  124  7:27  Marine, Supply Depot  
  124  7:28  Marine  
  124  7:29  Missile Turret  
  125  7:30  Marine  
  125  7:32  Marine  
  129  7:37  Siege Tank  
  129  7:40  SCV  
  129  7:44  Marine  
  128  7:45  Marine, Medivac  
  128  7:46  Marine  
  128  7:48  Marine  
  128  7:50  Marine  
  135  7:53  SCV x2  
  135  7:57  Medivac  
  135  7:58  Marine  
  140  7:59  Marine  
  140  8:00  Marine x2  
  140  8:01  Marine  
  140  8:03  Marine x2  
  140  8:04  SCV  
  140  8:05  Marine, SCV  
  148  8:10  Supply Depot  
  148  8:11  Supply Depot  
  149  8:29  Marine x3  
  149  8:32  Medivac, Marine x3, SCV x3  
  154  8:37  Marine x3